 Dungeon Crawl Stone Soup version 0.30-a0-250-g41c1d76940 (webtiles) character file.

Game seed: 624363566347437045

98 croobank the Stinger (level 4, -5/37 HPs)
             Began as a Naga Venom Mage on Oct 13, 2022.
             Slain by a lemure (9 damage)
             ... led by Pikel
             ... on level 3 of the Dungeon.
             The game lasted 00:13:23 (3081 turns).

croobank the Stinger (Naga Venom Mage)              Turns: 3081, Time: 00:13:26

Health: -5/37      AC:  2    Str: 10    XL:     4   Next: 69%
Magic:  7/7        EV: 10    Int: 18    God:
Gold:   132        SH:  0    Dex: 11    Spells: 1/7 levels left

rFire   . . .      SeeInvis +    b - +1 sling (freeze)
rCold   . . .      Faith    .    (no shield)
rNeg    . . .      Spirit   .    d - +0 robe
rPois   +          Reflect  .    (no helmet)
rElec   .          Harm     .    (no cloak)
rCorr   .          Rampage  .    (no gloves)
Will    .....                    (no barding)
Stlth   ++........               (no amulet)
HPRegen 0.26/turn                (no ring)
MPRegen 0.10/turn                (no ring)

@: mighty, very slow
A: AC +1, large, see invisible, deformed body, poison resistance, slowness 2,
spit poison 1, naga tail 1
a: Spit Poison


You were on level 3 of the Dungeon.
You visited 1 branch of the dungeon, and saw 4 of its levels.

You collected 132 gold pieces.

Inventory:

Hand Weapons
 a - a +1 flail of protection
 b - a +1 sling of freezing (weapon)
 e - a +2 whip of draining
 f - a +1 dagger of speed
 p - a +1 dagger of flaming
Missiles
 g - 10 poisoned darts
 o - 3 javelins
Armour
 c - a +0 ring mail
 d - a +0 robe (worn)
Jewellery
 k - a ring of fire
Scrolls
 h - a scroll of torment
 j - 2 scrolls of immolation
Potions
 i - a potion of degeneration
 m - a potion of magic
 r - a potion of flight


   Skills:
 + Level 0.4 Fighting
 + Level 2.1 Dodging
 + Level 4.2 Stealth
 + Level 2.4 Spellcasting
 + Level 0.5 Conjurations
 - Level 2.0 Transmutations
 + Level 0.6 Air Magic
 + Level 4.6 Poison Magic


You had one spell level left.
You knew the following spells:

 Your Spells              Type           Power      Damage    Failure   Level
a - Sting                 Tmut/Pois      56%        1d5       4%          1
b - Poisonous Vapours     Pois/Air       22%        N/A       9%          2
c - Mephitic Cloud        Conj/Pois/Air  9%         N/A       24%         3

Your spell library contained the following spells:

 Spells                   Type           Power      Damage    Failure   Level
 Olgreb's Toxic Radiance  Pois           18%        N/A       26%         4


Dungeon Overview and Level Annotations

Branches:
Dungeon (4/15)
 Temple: D:4-7

Altars:
Sif Muna

Annotations:
D:2 Sigmund
D:4 Pikel


Innate Abilities, Weirdness & Mutations

Your serpentine skin is tough. (AC +1)
You have supernaturally acute eyesight. (SInv)
Armour fits poorly on your strangely shaped body.
Your system is resistant to poisons. (rPois)
You cover ground very slowly.
You can spit poison.
You have a snake-like lower body.


Message History

Casting: Poisonous Vapours (safe; 9% risk of failure)
Confirm with . or Enter, or press ? or * to list all spells.
Okay, then.
Your bat misses the lemure.
Your bat barely misses the lemure.
Your adder misses the lemure.
Your adder bites the lemure but does no damage.
The lemure hits your adder!
Your adder misses the lemure.
Your adder bites the lemure but does no damage.
Your adder bites the lemure but does no damage.
Your adder barely misses the lemure.
The lemure barely misses your adder.
Your adder closely misses the lemure. x2; The lemure barely misses your adder.
Aiming: Spit Poison (1% risk of failure)
Press: ? - help, Shift-Dir - straight line, f/p - lemure
Aim: a lemure (heavily wounded, not watching you, ally target, 50% to hit)
Really fire in your bat's direction?
Okay, then.
There are monsters nearby!
Aiming: Spit Poison (1% risk of failure)
Press: ? - help, Shift-Dir - straight line, f/p - lemure
Aim: a lemure (heavily wounded, not watching you, ally target, 50% to hit)
Really fire in your bat's direction?
The splash of poison hits the lemure but does no damage.
Your bat hits the lemure but does no damage.
Your adder bites the lemure. x2; The lemure hits your adder.
Your adder dies!
Your adder's corpse dissolves into shadows!
The lemure hits you!
* * * LOW HITPOINT WARNING * * *
The lemure shouts!
You feel very mighty all of a sudden.
Your adder closely misses the lemure.
Your bat hits the lemure. The lemure closely misses you.
Your bat closely misses the lemure.
You shoot a sling bullet. The sling bullet hits the lemure.
The sling bullet freezes the lemure.
The lemure is moderately wounded.
You have got your breath back.
Your bat barely misses the lemure.
Your adder bites the lemure.
The lemure is poisoned.
Your adder poisons the lemure!
The lemure misses your adder. The lemure hits you!
You die...

..# #######..###.##
.†###..)....## #..# #####
...(........####..###...#
...................##...#
#.##....................#
............####........#
........................#
..........######..#.#...#
..........## ##@.#.....#
..)........# ##.5...#...#
...).....#.###.......####
................5.....#
.#.............bS.....##
................>......##
.#.##..#._.#............#########
...##...............^...........#
#.###.####..##.......#..........#


You could see 2 lemures, a friendly adder (summoned) and a friendly bat
(summoned).

Vanquished Creatures
  A gnoll (D:1)
  3 adders
  A worm (D:2)
  2 dart slugs (D:2)
  An orc (D:3)
  6 endoplasms
  2 giant cockroaches
  6 goblins
  3 hobgoblins
  4 quokkas
  5 ball pythons
  4 bats
  3 frilled lizards
  3 kobolds
  8 rats
52 creatures vanquished.

Notes
Turn   | Place    | Note
-------+----------+-------------------------------------------
     0 | D:1      | croobank the Naga Venom Mage began the quest for the Orb.
     0 | D:1      | Reached XP level 1. HP: 15/15 MP: 3/3
   310 | D:1      | Reached XP level 2. HP: 22/22 MP: 5/5
   440 | D:1      | Learned a level 2 spell: Poisonous Vapours
   691 | D:1      | Reached XP level 3. HP: 26/28 MP: 6/6
   744 | D:1      | Learned a level 3 spell: Mephitic Cloud
  1618 | D:2      | Noticed Sigmund
  1820 | D:2      | Reached XP level 4. HP: 36/36 MP: 0/7
  2331 | D:3      | Found a shimmering blue altar of Sif Muna.
  2349 | D:3      | HP: 1/36 [kobold/+0 whip (2)]
  2905 | D:3      | Identified the +9 short sword of Turmoil {elec, rF- rC+
                  | rCorr SInv}
  2997 | D:3      | Found a faded altar of an unknown god.
  3068 | D:4      | Noticed Pikel
  3068 | D:4      | Noticed a lemure
  3068 | D:4      | Noticed a lemure
  3068 | D:4      | Noticed a lemure
  3068 | D:4      | Noticed a lemure
  3081 | D:3      | Slain by a lemure

Illustrated notes

Levels and vault maps discovered:
D:1:      dpeg_arrival_windows_large_door, layout_basic,
          serial_co_window_serial, co_window_corner_a, co_window_corner_a,
          co_window_paths_a, co_window_corner_a, co_window_paths_a,
          co_window_2corner, co_window_unsneaky_path_e, co_window_2corner,
          co_window_unsneaky_path_c, co_window_paths_d, co_window_sun
D:2:      kennysheep_big_flooded_room, layout_loops_cross, uniq_sigmund
D:3:      layout_rooms, mainiacjoe_overflow_tiny_flanked,
          hellmonk_ecumenical_altar_blasted, item_on_display_a
D:4:      layout_cave_pools, biasface_ghost_orc_armoury, serial_shops,
          nicolae_take_the_stairs, uniq_duvessa, uniq_edmund, uniq_pikel

Skill      XL: |  1  2  3  4 |
---------------+-------------+-----
Dodging        | 2 |  2.1
Stealth        | 4 |  4.2
Transmutations | 2 |  2.0
Fighting       | |  0.4
Spellcasting   | |  2.4
Conjurations   | |  0.5
Air Magic      | |  0.6
Poison Magic   | |  4.6

Action                   |  1- 3 |  4- 6 || total
-------------------------+-------+-------++-------
Melee: Unarmed           |     4 |       ||     4
       Flail             |    31 |    17 ||    48
 Fire: Sling             |       |    14 ||    14
 Cast: Sting             |    20 |     3 ||    23
       Poisonous Vapours |    12 |     9 ||    21
 Abil: Spit Poison       |    28 |    13 ||    41
  Use: Scroll            |       |    11 ||    11
       Potion            |       |     3 ||     3
 Stab: Sleeping          |     2 |       ||     2
Armor: Robe              |    14 |     5 ||    19
       Skin              |       |    11 ||    11
Dodge: Dodged            |    22 |    23 ||    45

Table legend: (Time is in decaauts)
 A = Elapsed time spent in this place.
 B = Non-inter-level travel time spent in this place.
 C = Inter-level travel time spent in this place.
 D = Time resting spent in this place.
 E = Time spent auto-exploring this place.
 F = Levels seen in this place.
 G = Mean time per level.
                   A        B        C        D        E       F      G
               +--------+--------+--------+--------+--------+-----+--------+
         Total |   3846 |   3759 |     87 |    409 |   2768 |   4 |  961.5 |
       Dungeon |   3846 |   3759 |     87 |    409 |   2768 |   4 |  961.5 |
               +--------+--------+--------+--------+--------+-----+--------+

Top non-repeatable levels by time:
     D:1: 1691 daAuts
     D:2: 1188 daAuts
     D:3: 964 daAuts
     D:4: 1 daAuts
